Get step-by-step instructions on how to execute this build order below. Start the game timer, and the build order will tick by so you can play in parallel with StarCraft on a second screen or mobile device.

Game Time

  0:00

Last Step

  N/A

Next Step

Upcoming Step



Don't want to look back and forth between 2 screens? Try out our Overwolf App, the Spawning Tool Build Advisor to get an in-game overlay with this build!

Complete Build Order

  12  0:00  Drone  
  13  0:08  Drone  
  14  0:26  Spawning Pool  
  13  0:30  Drone  
  14  0:40  Overlord  
  14  0:49  Drone, Extractor  
  15  1:01  Drone x2  
  18  1:04  Drone  
  18  1:12  Queen  
  18  1:13  Zergling x2  
  21  1:25  Drone  
  22  1:36  Hatchery  
  21  1:40  Drone  
  21  1:42  Extractor  
  21  1:49  Overlord  
  21  1:57  Extractor, Queen  
  23  2:09  Drone x2  
  25  2:19  Drone  
  25  2:21  Overlord  
  26  2:24  Drone x3  
  29  2:41  Drone  
  30  2:47  Drone  
  30  2:51  Lair  
  31  2:57  Zergling x6  
  33  2:59  Spine Crawler, Zergling x2  
  34  3:05  Drone x2  
  34  3:09  Extractor  
  34  3:15  Drone x2  
  36  3:29  Metabolic Boost  
  36  3:30  Drone  
  36  3:31  Drone  
  36  3:33  Drone x4  
  36  3:43  Zergling x8  
  36  3:54  Drone x3  
  37  4:00  Hydralisk Den  
  36  4:03  Drone  
  37  4:13  Drone x3  
  40  4:19  Zergling x2  
  40  4:26  Drone x3  
  40  4:31  Hydralisk  
  40  4:34  Overlord  
  41  4:40  Zergling x4  
  43  4:45  Overlord  
  43  4:51  Muscular Augments  
  41  5:07  Hydralisk x3  
  41  5:10  Drone x2  
  46  5:22  Hydralisk x2  
  46  5:23  Hydralisk  
  46  5:25  Zergling x2  
  50  5:43  Zergling x2  
  50  5:44  Zergling x10  
  56  5:53  Zergling x6  
  56  5:55  Overlord x2, Lurker Den  
  52  6:18  Drone x6  
  56  6:24  Hatchery  
  57  6:28  Hydralisk  
  57  6:32  Overlord  
  59  6:38  Drone  
  60  6:52  Drone x2  
  60  6:53  Drone  
  63  6:56  Extractor x2  
  63  7:00  Overlord  
  63  7:01  Drone  
  62  7:10  Drone x2  
  64  7:24  Lurker x3  
  64  7:25  Lurker  
  64  7:28  Drone x4  
  64  7:29  Drone x3  
  75  7:31  Hatchery  
  75  7:34  Overlord  
  74  7:37  Queen  
  74  7:38  Drone x2  
  74  7:40  Lurker  
  79  7:44  Evolution Chamber  
  79  7:46  Evolution Chamber  
  77  7:57  Hydralisk x4  
  85  8:04  Drone x2  
  85  8:05  Infestation Pit  
  86  8:17  Overlord x2  
  86  8:18  Drone x2  
  86  8:19  Drone x3  
  91  8:37  Hydralisk x4  
  99  8:44  Zerg Melee Weapons Level 1  
  99  8:45  Zerg Ground Armor Level 1  
  99  8:46  Overlord  
  99  8:47  Pneumatized Carapace  
  99  8:48  Drone x4  
  103  8:50  Extractor  
  103  8:51  Drone, Extractor  
  101  8:57  Spine Crawler  
  86  9:27  Hydralisk x4  
  86  9:28  Hydralisk x4  
  98  9:31  Hatchery  
  98  9:32  Zergling x2  
  98  9:33  Zergling x8  
  98  9:37  Drone x3  
  105  9:42  Hydralisk x2  
  105  9:43  Hydralisk  
  111  9:50  Hive  
  105  10:10  Lurker x2  
  87  10:24  Hydralisk  
  87  10:25  Hydralisk x11  
  94  10:31  Zergling x2  
  94  10:32  Zergling x8  
  99  10:38  Drone x4  
  103  10:45  Zerg Melee Weapons Level 2  
  103  10:46  Zerg Missile Weapons Level 1, Drone  
  103  10:47  Drone  
  105  10:52  Lurker  
  105  10:53  Lurker  
  105  10:55  Drone x3  
  105  10:56  Drone  
  111  11:12  Zergling x2  
  111  11:13  Zergling x26  
  112  11:36  Hydralisk x5  
  112  11:38  Lurker x3  
  122  11:46  Zergling x2  
  128  11:47  Zergling x14  
  128  11:53  Drone x6  
  136  11:55  Spine Crawler  
  136  11:56  Spine Crawler  
  136  11:57  Lurker x3, Spine Crawler  
  114  12:20  Zergling x22  
  117  12:42  Zergling x14  
  117  12:43  Zergling x20  
  125  12:47  Extractor  
  125  12:48  Drone x2  
  117  12:55  Extractor  
  110  13:01  Hatchery  
  108  13:08  Zerg Melee Weapons Level 3  
  108  13:09  Zerg Missile Weapons Level 2  
  108  13:10  Adrenal Glands  
  106  13:15  Drone x5  
  106  13:18  Ultralisk Cavern  
  109  13:20  Hydralisk  
  109  13:21  Hydralisk x10  
  109  13:22  Zergling x4  
  106  13:52  Hydralisk x3  
  106  13:54  Lurker  
  106  13:55  Lurker x5  
  118  13:56  Zergling x18  
  127  14:12  Chitinous Plating  
  127  14:14  Ultralisk  
  127  14:15  Zergling x8  
  127  14:16  Zergling x6  
  140  14:39  Spine Crawler x2  
  140  14:41  Spine Crawler  
  140  14:45  Ultralisk  
  143  14:47  Overlord x3  
  143  14:48  Zergling x6  
  131  15:11  Ultralisk x3  
  139  15:15  Zergling x20  
  139  15:16  Zergling x8  
  141  15:28  Seismic Spines  
  134  15:33  Zergling x2  
  134  15:34  Zergling x12  
  117  15:44  Ultralisk x2  
  117  15:46  Zergling x10  
  128  15:51  Hydralisk  
  128  16:03  Hydralisk x2  
  128  16:04  Hydralisk x2  
  126  16:05  Swarm Host, Zergling x2  
  126  16:06  Zergling x10  
  138  16:19  Hydralisk x4  
  138  16:24  Zergling x6  
  149  16:31  Zergling x2  
  149  16:32  Zergling x8  
  153  16:46  Zergling x2  
  153  16:47  Zergling x28  
  156  16:53  Swarm Host x2  
  156  17:06  Zerg Ground Armor Level 2  
  134  17:12  Zergling x8  
  134  17:13  Zergling x2  
  100  17:16  Zergling x6  
  100  17:21  Ultralisk  
  90  17:23  Zergling x2  
  90  17:24  Zergling x28  
  92  17:40  Zergling x20  
  101  17:52  Ultralisk x2  
  113  17:59  Drone, Spine Crawler  
  113  18:01  Spine Crawler  
  113  18:04  Hatchery  
  111  18:22  Hydralisk x2  
  115  18:32  Zergling x24  
  127  18:40  Zergling x2  
  127  18:41  Zergling x2  
  124  18:58  Drone x2  
  124  19:00  Zergling x10  
  124  19:01  Extractor x2, Zergling x6  
  132  19:12  Hatchery  
  132  19:13  Zerg Missile Weapons Level 3  
  132  19:15  Zergling x8  
  132  19:16  Zergling x12  
  141  19:21  Drone x3  
  144  19:37  Drone x6  
  144  19:38  Drone  
  150  19:50  Ultralisk  
  156  19:58  Hatchery  
  88  20:16  Zergling x2  
  88  20:17  Zergling x24  
  95  20:26  Burrow  
  95  20:27  Drone x2  
  95  20:28  Drone x2  
  99  20:37  Lurker x2  
  97  20:54  Ultralisk  
  97  20:56  Zergling x22  
  97  20:57  Zergling x2  
  109  20:58  Zergling x2  
  105  21:16  Zergling x2  
  105  21:17  Zergling x22  
  88  21:28  Zergling x2  
  88  21:30  Zergling x6  
  92  21:41  Extractor  
  91  21:50  Hydralisk x4  
  99  22:00  Zergling x2  
  99  22:01  Zergling x20  
  56  22:30  Zergling x24  
  51  22:53  Zergling x10  
  52  23:12  Drone x3